 Dungeon Crawl Stone Soup version 0.29.1-2-gbd0b4ee654 (webtiles) character file.

Game seed: 987386651541445058

58 xian the Trooper (level 3, -2/29 HPs)
             Began as a Demonspawn Abyssal Knight on Nov 13, 2022.
             Was a Believer of Lugonu.
             Slain by a gnoll
             ... wielding a +0 flail
              (9 damage)
             ... on level 3 of the Dungeon.
             The game lasted 00:04:21 (2479 turns).

xian the Trooper (Demonspawn Abyssal Knight)        Turns: 2479, Time: 00:04:21

Health: -2/29      AC: 10    Str: 15    XL:     3   Next: 76%
Magic:  5/5        EV:  6    Int: 11    God:    Lugonu [**....]
Gold:   98         SH:  0    Dex: 13    Spells: 2/2 levels left

rFire   . . .      SeeInvis .   a - +1 short sword
rCold   . . .      Faith    .   (no shield)
rNeg    . . .      Spirit   .   g - +0 chain mail
rPois   .          Reflect  .   (no helmet)
rElec   .          Harm     .   k - +0 cloak
rCorr   .          Rampage  .   (no gloves)
Will    .....                   (no boots)
Stlth   ..........              (no amulet)
HPRegen 0.09/turn               (no ring)
MPRegen 0.09/turn               (no ring)

@: brilliant, hasted, very quick
A: demonic magic 1
a: Renounce Religion, Depart the Abyss, Bend Space


You were on level 3 of the Dungeon.
You worshipped Lugonu.
Lugonu was pleased with you.
You visited 1 branch of the dungeon, and saw 3 of its levels.
You visited the Abyss 1 time.

You collected 98 gold pieces.

Inventory:

Hand Weapons
 a - a +1 short sword (weapon)
 h - a +1 spear of venom
Armour
 g - a +0 chain mail (worn)
 k - a +0 cloak (worn)
Scrolls
 e - a scroll of summoning {unknown}
 i - a scroll of teleportation {unknown}
 j - 2 scrolls of identify {unknown}
Potions
 b - a potion of haste
 d - a potion of flight {unknown}
 f - a potion of attraction {unknown}
 l - a potion of heal wounds {unknown}


   Skills:
 + Level 3.4 Fighting
 + Level 2.3 Short Blades
 + Level 2.5 Armour
 + Level 1.0 Dodging
 + Level 0.1 Stealth
 * Level 3.0 Invocations


You had 2 spell levels left.
You didn't know any spells.
Your spell library contained the following spells:

 Spells                   Type           Power      Damage    Failure   Level
 Slow                     Hex            0%         N/A       100%        1
 Confusing Touch          Hex            0%         N/A       100%        3
 Vampiric Draining        Necr           0%         2d6       100%        3


Dungeon Overview and Level Annotations

Branches:
Dungeon (3/15)

Altars:

Shops:
D:2 [

Annotations:
D:2 armor


Innate Abilities, Weirdness & Mutations

Spells you cast may paralyse adjacent enemies.


Message History

The gnoll attacks as you move away! The gnoll barely misses you.
The gnoll attacks as you move away! The gnoll barely misses you.
The gnoll attacks as you move away! The gnoll hits you but does no damage.
There is a stone staircase leading down here.
The gnoll hits you but does no damage.
You climb downwards.
The goblin shouts!
Found an emerald potion, 15 gold pieces and a long brass wand.
Found a stone staircase leading down.
There is a stone staircase leading up here.
You closely miss the gnoll. The gnoll closely misses you.
You hit the gnoll but do no damage. The gnoll hits you with a +0 flail!
You hit the gnoll.
The gnoll is lightly wounded.
The gnoll hits you with a +0 flail.
You barely miss the gnoll.
The gnoll is lightly wounded.
The quokka twitches its whiskers.
The gnoll barely misses you. The goblin hits you but does no damage.
You hit the gnoll but do no damage.
The gnoll is lightly wounded.
The gnoll hits you but does no damage. The giant cockroach barely misses you.
The goblin hits you but does no damage.
Unknown command.
Okay, then.
You closely miss the quokka. The gnoll hits you with a +0 flail.
The quokka bites you but does no damage.
The giant cockroach bites you but does no damage.
The goblin barely misses you.
It was a potion of haste.
You feel yourself speed up.
The quokka bites you but does no damage.
The giant cockroach bites you. The gnoll hits you but does no damage.
The goblin hits you with a +0 club.
* * * LOW HITPOINT WARNING * * *
Unknown command.
It was a potion of brilliance.
You feel clever all of a sudden.
The quokka bites you but does no damage.
The giant cockroach barely misses you. The gnoll hits you with a +0 flail!
You die...

....#######.##.
>..............
.........../...
...............
...............
!..............
........g......
.......@.......
......rgB......
...............
.$.............
...............
..........$....
...............
...............


You could see a gnoll, a quokka, a giant cockroach and a goblin.

Vanquished Creatures
  An adder (D:2)
  2 worms (D:2)
  4 bats
  6 endoplasms
  4 giant cockroaches
  2 hobgoblins (D:1)
  2 jackals (D:2)
  4 kobolds
  2 ball pythons
  7 goblins
  6 rats
40 creatures vanquished.

Notes
Turn   | Place    | Note
-------+----------+-------------------------------------------
     0 | Abyss:1  | xian the Demonspawn Abyssal Knight began the quest for the
                  | Orb.
     0 | Abyss:1  | Reached XP level 1. HP: 18/18 MP: 2/2
    54 | Abyss:1  | Noticed a golden eye
    66 | Abyss:2  | Found a corrupted altar of Lugonu.
    71 | Abyss:2  | Noticed a centaur warrior zombie
    73 | D:1      | Escaped the Abyss
   130 | D:1      | Reached ** piety under Lugonu
   578 | D:1      | Gained mutation: Spells you cast may paralyse adjacent
                  | enemies. [demonic ancestry]
   578 | D:1      | Reached XP level 2. HP: 22/24 MP: 3/3
  1266 | D:1      | Found a faded altar of an unknown god.
  1386 | D:1      | Reached skill level 1 in Dodging
  1641 | D:2      | Reached XP level 3. HP: 23/29 MP: 5/5
  1901 | D:2      | Found Vineej's Armour Emporium.
  2479 | D:3      | Slain by a gnoll

Illustrated notes

Levels and vault maps discovered:
D:1:      shiori_arrival_oz, layout_basic,
          hellmonk_ecumenical_altar_slurped_away
D:2:      layout_rooms, serial_shops, nicolae_shop_trees
D:3:      gammafunk_wand_slinger, layout_basic

Skill      XL: |  1  2  3 |
---------------+----------+-----
Armour         | 2 |  2.5
Short Blades   | 2 |  2.3
Dodging        | 1 |  1.0
Invocations    | 3 |  3.0
Fighting       | |  3.4
Stealth        | |  0.1

Action                   || total
-------------------------++-------
Melee: Short sword       ||   184
Invok: Depart the Abyss  ||     1
  Use: Potion            ||     2
Armor: Leather armour    ||    13
       Chain mail        ||   102
Dodge: Dodged            ||    70
